3097 views
Uploaded 2020-03-10 14:52:39
Game version 1.32.2
19:33 long 1on1 ladder game on (2)LastRefuge
Saved by Shackler
3097 views
Uploaded 2020-03-10 14:52:39
Game version 1.32.2
19:33 long 1on1 ladder game on (2)LastRefuge

53 units @ 7k
/ 0.5k
12 buildings @ 2.2k
/ 0.7k


| Lesser Clarity Potion | 1 | 70 |
| Staff of Preservation | 1 | 150 |
| Scroll of Healing | 1 | 250 |
| total: | 3 | 470g |
| Wisp | 24 | 1440 | / | 0 |
| Archer | 4 | 520 | / | 40 |
| Huntress | 22 | 4290 | / | 440 |
| Forest Troll Berserker | 1 | 245 | / | 30 |
| Forest Troll Shadow Priest | 1 | 195 | / | 10 |
| Ogre Mauler | 1 | 300 | / | 0 |
| total: | 53 | 6990g | / | 520w |
| Altar of Elders | 1 | 180 | / | 50 |
| Moon Well | 7 | 1260 | / | 280 |
| Ancient of War | 1 | 150 | / | 60 |
| Hunter's Hall | 1 | 210 | / | 100 |
| Ancient of Wonders | 1 | 90 | / | 30 |
| Tree of Life | 1 | 340 | / | 185 |
| Tree of Ages | 1 | 320 | / | 180 |
| total: | 12 | 2230g | / | 705w |
| 0:02 | Wisp |
| 0:02 | Wisp |
| 0:07 | Altar of Elders |
| 0:13 | Wisp |
| 0:17 | Moon Well |
| 0:32 | Wisp |
| 0:40 | Wisp |
| 0:45 | Ancient of War |
| 1:07 | Wisp |
| 1:22 | Wisp |
| 1:34 | Moon Well |
| 1:46 | Archer |
| 2:18 | Force of Nature |
| 2:52 | Archer |
| 3:00 | Hunter's Hall |
| 3:37 | Archer |
| 4:06 | Entangling Roots |
| 4:15 | Wisp |
| 4:29 | Sentinel |
| 4:42 | Wisp |
| 4:45 | Ultravision |
| 4:52 | Archer |
| 5:05 | Huntress |
| 5:13 | Tree of Ages |
| 5:15 | Moon Well |
| 5:33 | Forest Troll Berserker |
| 5:33 | Forest Troll Shadow Priest |
| 6:10 | Entangling Roots |
| 6:16 | Huntress |
| 6:24 | Strength of the Moon |
| 6:26 | Moon Well |
| 6:29 | Ancient of Wonders |
| 6:41 | Huntress |
| 7:11 | Huntress |
| 7:34 | Moon Glaive |
| 7:38 | Moon Armor |
| 8:26 | Huntress |
| 8:34 | Wisp |
| 8:34 | Wisp |
| 8:37 | Ogre Mauler |
| 8:58 | Moon Well |
| 9:02 | Healing Spray |
| 9:45 | Moon Well |
| 9:46 | Tree of Life |
| 10:09 | Scroll of Healing |
| 10:14 | Wisp |
| 10:14 | Wisp |
| 10:14 | Wisp |
| 10:29 | Lesser Clarity Potion |
| 10:31 | Staff of Preservation |
| 10:37 | Huntress |
| 11:30 | Huntress |
| 11:31 | Huntress |
| 11:36 | Huntress |
| 12:35 | Force of Nature |
| 13:03 | Huntress |
| 13:03 | Huntress |
| 13:06 | Acid Bomb |
| 13:14 | Wisp |
| 13:14 | Wisp |
| 13:14 | Wisp |
| 13:35 | Wisp |
| 13:35 | Wisp |
| 13:54 | Huntress |
| 13:56 | Wisp |
| 13:56 | Wisp |
| 14:16 | Huntress |
| 14:30 | Huntress |
| 14:45 | Huntress |
| 15:29 | Huntress |
| 15:29 | Huntress |
| 16:44 | Improved Strength of the Moon |
| 16:45 | Improved Moon Armor |
| 16:47 | Huntress |
| 16:51 | Wisp |
| 16:51 | Wisp |
| 16:51 | Wisp |
| 16:53 | Moon Well |
| 17:40 | Huntress |
| 18:39 | Huntress |
| 18:42 | Healing Spray |
| 19:00 | Huntress |
| 19:00 | Huntress |
| Right click | 1521 |
| Select | 449 |
| Select group | 255 |
| Assign group | 97 |
| Build/train/purchase | 80 |
| Use ability | 70 |
| Chat | 12 |
| Remove unit | 6 |
| Misc. action | 2 |
| Item give/drop | 2 |
31 units @ 4.4k
/ 0.2k
22 buildings @ 3.4k
/ 1.4k


| Healing Salve | 8 | 800 |
| Scroll of Speed | 2 | 100 |
| Lesser Clarity Potion | 5 | 350 |
| Dust of Appearance | 1 | 75 |
| Scroll of Healing | 1 | 250 |
| Scroll of Town Portal | 1 | 350 |
| Circlet of Nobility | 1 | 175 |
| total: | 19 | 2100g |
| Peon | 11 | 825 | / | 0 |
| Grunt | 9 | 1800 | / | 0 |
| Shaman | 8 | 1040 | / | 160 |
| Wind Rider | 2 | 530 | / | 80 |
| Forest Troll Shadow Priest | 1 | 195 | / | 10 |
| total: | 31 | 4390g | / | 250w |
| Watch Tower | 6 | 660 | / | 480 |
| Altar of Storms | 1 | 180 | / | 50 |
| Orc Burrow | 7 | 1120 | / | 280 |
| Barracks | 1 | 180 | / | 50 |
| Voodoo Lounge | 3 | 390 | / | 90 |
| War Mill | 1 | 205 | / | 0 |
| Great Hall | 1 | 385 | / | 185 |
| Spirit Lodge | 1 | 150 | / | 150 |
| Beastiary | 1 | 145 | / | 140 |
| Stronghold | 1 | 315 | / | 190 |
| total: | 22 | 3415g | / | 1425w |
| 0:01 | Peon |
| 0:01 | Peon |
| 0:05 | Altar of Storms |
| 0:17 | Orc Burrow |
| 0:19 | Peon |
| 0:34 | Barracks |
| 0:42 | Peon |
| 0:52 | Peon |
| 0:59 | Peon |
| 1:24 | Voodoo Lounge |
| 1:34 | Grunt |
| 1:40 | Peon |
| 2:05 | Wind Walk |
| 2:26 | Stronghold |
| 2:30 | Healing Salve |
| 2:31 | Scroll of Speed |
| 2:37 | Orc Burrow |
| 2:49 | Dust of Appearance |
| 2:51 | Circlet of Nobility |
| 3:47 | Grunt |
| 4:13 | Grunt |
| 4:15 | Orc Burrow |
| 4:52 | Spirit Lodge |
| 5:04 | Critical Strike |
| 5:23 | Berserker Strength |
| 5:26 | Orc Burrow |
| 5:53 | Healing Salve |
| 5:53 | Scroll of Speed |
| 6:05 | Shaman |
| 6:05 | Shaman |
| 6:11 | War Mill |
| 6:19 | Healing Salve |
| 6:19 | Lesser Clarity Potion |
| 6:31 | Shaman |
| 6:36 | Critical Strike |
| 6:50 | Healing Wave |
| 7:31 | Grunt |
| 7:33 | Steel Armor |
| 7:34 | Shaman Adept Training |
| 8:37 | Shaman |
| 8:39 | Grunt |
| 9:06 | Shaman |
| 9:07 | Grunt |
| 9:20 | Serpent Ward |
| 9:36 | Orc Burrow |
| 9:44 | Healing Salve |
| 10:10 | Grunt |
| 10:12 | Steel Melee Weapons |
| 10:14 | Shaman |
| 10:32 | Reinforced Defenses |
| 10:36 | Healing Salve |
| 10:36 | Lesser Clarity Potion |
| 11:13 | Wind Walk |
| 11:28 | Healing Wave |
| 11:52 | Shaman |
| 11:53 | Grunt |
| 12:11 | Watch Tower |
| 12:12 | Watch Tower |
| 12:13 | Voodoo Lounge |
| 12:16 | Pillage |
| 13:08 | Critical Strike |
| 13:14 | Voodoo Lounge |
| 13:16 | Watch Tower |
| 13:19 | Watch Tower |
| 13:20 | Watch Tower |
| 13:35 | Forest Troll Shadow Priest |
| 14:18 | Watch Tower |
| 14:29 | Lesser Clarity Potion |
| 14:31 | Healing Salve |
| 14:39 | Healing Salve |
| 14:55 | Great Hall |
| 15:03 | Orc Burrow |
| 15:11 | Healing Salve |
| 15:12 | Lesser Clarity Potion |
| 15:22 | Peon |
| 15:22 | Peon |
| 15:47 | Serpent Ward |
| 15:52 | Scroll of Healing |
| 16:04 | Grunt |
| 16:04 | Shaman |
| 16:20 | Beastiary |
| 17:33 | Bladestorm |
| 17:41 | Peon |
| 17:41 | Peon |
| 17:51 | Lesser Clarity Potion |
| 17:56 | Wind Rider |
| 17:56 | Wind Rider |
| 18:03 | Orc Burrow |
| 18:29 | Scroll of Town Portal |
| Right click | 1142 |
| Select group | 791 |
| Select | 331 |
| Build/train/purchase | 92 |
| Use ability | 88 |
| Misc. action | 48 |
| Assign group | 36 |
| Chat | 4 |
| Item give/drop | 3 |
| Esc | 3 |
| Remove unit | 1 |